 Seeded DCSS version 0.29.1-13-g9f3cf754e1 (webtiles) character file.

Game seed: 15238952690031473578 (custom seed)

153 GigaChad the Covered (level 5, 0/47 HPs)
             Began as a Minotaur Fighter on Jan 19, 2023.
             Slain by Edmund
             ... wielding a +2 vorpal dire flail
              (1 damage)
             ... on level 4 of the Dungeon.
             The game lasted 00:04:33 (2538 turns).

GigaChad the Covered (Minotaur Fighter)             Turns: 2538, Time: 00:04:33

Health: 0/47       AC:  7    Str: 22    XL:     5   Next: 12%
Magic:  4/4        EV:  9    Int:  5    God:
Gold:   136        SH:  4    Dex: 10    Spells: 4/4 levels left

rFire   . . .      SeeInvis .   a - +0 war axe
rCold   . . .      Faith    .   c - +0 buckler
rNeg    . . .      Spirit   .   b - +0 scale mail
rPois   .          Reflect  .   (helmet restricted)
rElec   .          Harm     .   (no cloak)
rCorr   .          Rampage  .   (no gloves)
Will    .....                   (no boots)
Stlth   ..........              (no amulet)
HPRegen 0.15/turn               (no ring)
MPRegen 0.09/turn               (no ring)

@: no status effects
A: horns 2, retaliatory headbutt
a: no special abilities


You were on level 4 of the Dungeon.
You visited 1 branch of the dungeon, and saw 4 of its levels.

You collected 136 gold pieces.

Inventory:

Hand Weapons
 a - a +0 war axe (weapon)
Missiles
 g - a throwing net
Armour
 b - a +0 scale mail (worn)
 c - a +0 buckler (worn)
 n - the +1 chain mail "Ynnyax" {rPois rF+ rC++ Dex-3}
   (You found it on level 2 of the Dungeon)

   Dex:       It affects your dexterity (-3).
   rF:        It protects you from fire.
   rC:        It greatly protects you from cold.
   rPois:     It protects you from poison.
Jewellery
 e - a ring of poison resistance
 h - a ring of magical power
 s - a ring of willpower
Wands
 q - a wand of polymorph (4) (quivered)
Scrolls
 l - 3 scrolls of identify
 m - a scroll of amnesia {unknown}
 o - a scroll of acquirement {unknown}
 p - a scroll of vulnerability {unknown}
Potions
 d - a potion of might
 f - 4 potions of haste
 i - 3 potions of curing {unknown}
 j - a potion of magic {unknown}
 k - a potion of lignification {unknown}
 r - a potion of degeneration {unknown}


   Skills:
 + Level 4.3 Fighting
 + Level 4.1 Axes
 + Level 4.7 Armour
 + Level 0.9 Dodging
 + Level 4.4 Shields
 + Level 0.5 Evocations


You had 4 spell levels left.
You didn't know any spells.
Your spell library was empty.

Dungeon Overview and Level Annotations

Branches:
Dungeon (4/15)
 Temple: D:4-7

Altars:
Cheibriados
Gozag
Qazlal
Ru
Vehumet

Shops:
D:3 ?

Annotations:
D:4 Edmund


Innate Abilities, Weirdness & Mutations

You have a pair of horns on your head.
You reflexively headbutt those who attack you in melee.


Message History

You barely miss Edmund. You headbutt Edmund!
Edmund is severely wounded.
You hit the goblin.
Edmund hits you with a +2 vorpal dire flail.
The goblin completely misses you.
You barely miss Edmund. Your headbutt misses Edmund.
Edmund is severely wounded.
You closely miss the goblin. The goblin barely misses you.
Edmund hits you but does no damage.
You closely miss Edmund.
Edmund is severely wounded.
You hit the goblin.
You kill the goblin!
Edmund hits you with a +2 vorpal dire flail!
Edmund says, "People accused me of being a cutpurse!"
Edmund hits you with a +2 vorpal dire flail.
You hit Edmund.
Edmund is severely wounded.
Edmund hits you with a +2 vorpal dire flail!
* * * LOW HITPOINT WARNING * * *
x2 You closely miss Edmund.
Your headbutt misses Edmund.
Edmund is severely wounded.
Edmund barely misses you.
You barely miss Edmund.
Edmund is severely wounded.
Edmund hits you with a +2 vorpal dire flail.
* * * LOW HITPOINT WARNING * * *
x2 Edmund says, "A flail is better than a scythe, any day of the week!"
Edmund closely misses you.
You hit Edmund. You headbutt Edmund.
Edmund is almost dead.
Edmund closely misses you.
Unknown command.
You closely miss Edmund. You headbutt Edmund.
Edmund is almost dead.
Edmund barely misses you.
You barely miss Edmund.
Edmund is almost dead.
Edmund hits you with a +2 vorpal dire flail.
You die...

#.. # ... .
#.# .# #.#
#.##
#.###...#
#.#####).....
......<...#
#.@@.<#
#......#
#......#
#.......#
...........
###.......##.
#..###..# $
#.. #...


You could see Edmund.

Vanquished Creatures
  Terence (D:2)
  7 adders
  A river rat (D:3)
  2 dart slugs (D:3)
  An orc (D:3)
  2 endoplasms (D:3)
  2 giant cockroaches
  7 goblins
  4 hobgoblins
  7 jackals
  6 kobolds
  2 quokkas
  4 ball pythons
  A bat (D:2)
  2 frilled lizards
  A rat (D:1)
50 creatures vanquished.

Vanquished Creatures (others)
  A plant (D:3)
1 creature vanquished.

Grand Total: 51 creatures vanquished

Notes
Turn   | Place    | Note
-------+----------+-------------------------------------------
     0 | D:1      | GigaChad the Minotaur Fighter began the quest for the Orb.
     0 | D:1      | Reached XP level 1. HP: 19/19 MP: 0/0
   396 | D:1      | Found a faded altar of an unknown god.
   435 | D:1      | Reached XP level 2. HP: 27/27 MP: 1/1
   926 | D:2      | Reached XP level 3. HP: 21/33 MP: 2/2
  1036 | D:2      | Noticed Terence
  1048 | D:2      | Killed Terence
  1376 | D:2      | Identified the +1 chain mail "Ynnyax" {rPois rF+ rC++
                  | Dex-3}
  1497 | D:2      | Reached XP level 4. HP: 40/40 MP: 3/3
  1715 | D:3      | Found a radiant altar of Vehumet.
  1831 | D:3      | Found a snail-covered altar of Cheibriados.
  1899 | D:3      | Found Nomicomp's Magic Scroll Shoppe.
  1963 | D:3      | Reached XP level 5. HP: 17/46 MP: 4/4
  2323 | D:3      | Found an opulent altar of Gozag.
  2325 | D:3      | Found a stormy altar of Qazlal.
  2329 | D:3      | Found a sacrificial altar of Ru.
  2523 | D:4      | Noticed Edmund
  2533 | D:4      | HP: 2/47 [Edmund/+2 vorpal dire flail (3)]
  2538 | D:4      | Slain by Edmund

Illustrated notes

Levels and vault maps discovered:
D:1:      evilmike_arrival_fibonacci_small, layout_loops_ring,
          ebering_ecumenical_altar_rust
D:2:      layout_basic, uniq_terence
D:3:      layout_basic, minitemple, mainiacjoe_overflow_catwalk_spiral,
          serial_shops, shop, serial_bayou, serial_bayou_pond_d,
          serial_bayou_pond_c, serial_bayou_ford_a, serial_bayou_pond_b
D:4:      layout_loops_ring, nicolae_tso_carved_into_rock, uniq_sigmund,
          uniq_edmund, uniq_ijyb, uniq_natasha

Skill      XL: |  1  2  3  4 |
---------------+-------------+-----
Armour         | 4 |  4.7
Shields        | 4 |  4.4
Fighting       | 4 |  4.3
Axes           | 3 4 |  4.1
Dodging        | |  0.9
Evocations     | |  0.5

Action                   |  1- 3 |  4- 6 || total
-------------------------+-------+-------++-------
Melee: War axe           |    56 |    52 ||   108
       Headbutt          |     8 |     7 ||    15
Evoke: Wand              |       |     7 ||     7
  Use: Scroll            |     2 |       ||     2
Armor: Scale mail        |    36 |    53 ||    89
Dodge: Dodged            |    29 |    52 ||    81
Block: Buckler           |    14 |    30 ||    44
